 Dungeon Crawl Stone Soup version 0.31-a0-507-gbafd7f5274 (webtiles) character file.

Game seed: 1429197504984372744

29299 experimilk the Brawler (level 13, -3/133 HPs)
             Began as a Troll Gladiator on Aug 9, 2023.
             Was a High Priest of Wu Jian.
             Slain by a merfolk
             ... wielding a +0 trident
              (27 damage)
             ... on level 3 of the Lair of Beasts.
             The game lasted 00:38:08 (14817 turns).

experimilk the Brawler (Troll Gladiator)           Turns: 14817, Time: 00:38:09

Health: -3/133     AC:  4    Str: 35    XL:     13   Next: 14%
Magic:  12/12      EV: 15    Int:  4    God:    Wu Jian [*****.]
Gold:   513        SH:  5    Dex: 11    Spells: 12/12 levels left

rFire   . .          .
                       - Unarmed
rCold   . . .        (no shield)
rNeg    . . .        a - +0 robe
rPois   .            b - +0 hat
rElec   .            (no cloak)
rCorr   .            (gloves unavailable)
SInv    .            (boots unavailable)
Will    .....        k - amulet of reflection
Stlth   +            B - +6 ring of strength
HPRegen 1.22/turn    N - +5 ring of evasion
MPRegen 0.13/turn

%: reflection
@: about to teleport, mesmerised
A: large, unfitting armour, claws 3, regeneration 1, shaggy fur 1, tough skin 1
a: Renounce Religion, Wall Jump, Serpent's Lash, Heavenly Storm


You were on level 3 of the Lair of Beasts.
You worshipped Wu Jian.
Wu Jian was extremely pleased with you.
You visited 3 branches of the dungeon, and saw 14 of its levels.
You also visited: Sewer and Bailey.

You collected 902 gold pieces.
You spent 389 gold pieces at shops.

Inventory:

Missiles
 c - a throwing net
 d - 3 large rocks
 p - 6 poisoned darts
 y - 2 curare-tipped darts
 G - 6 javelins
 M - 7 boomerangs (quivered)
Armour
 a - a +0 robe (worn)
 b - a +0 hat (worn)
Jewellery
 k - an amulet of reflection (around neck)
 B - a +6 ring of strength (left claw)
 N - a +5 ring of evasion (right claw)
Wands
 A - a wand of quicksilver (23)
 C - a wand of polymorph (5)
 H - a wand of roots (9)
 J - a wand of flame (12)
Scrolls
 e - 3 scrolls of immolation {unknown}
 f - 2 scrolls of fear {unknown}
 g - 3 scrolls of blinking {unknown}
 h - 2 scrolls of fog {unknown}
 i - 2 scrolls of summoning {unknown}
 j - 3 scrolls of revelation {unknown}
 o - 5 scrolls of teleportation
 s - a scroll of brand weapon {unknown}
 u - 2 scrolls of poison {unknown}
 v - a scroll of vulnerability {unknown}
 F - 2 scrolls of amnesia {unknown}
 O - a scroll of torment {unknown}
Potions
 l - 4 potions of ambrosia
 m - a potion of degeneration {unknown}
 n - 3 potions of might
 q - a potion of experience {unknown}
 r - 4 potions of haste
 t - 3 potions of magic
 w - a potion of berserk rage {unknown}
 x - a potion of attraction {unknown}
 z - 2 potions of lignification {unknown}
 D - 4 potions of curing
 E - 3 potions of enlightenment
 I - a potion of cancellation {unknown}
 K - 2 potions of mutation {unknown}
 L - 2 potions of brilliance {unknown}


   Skills:
 - Level 10.0 Fighting
 * Level 11.1 Throwing
 + Level 2.4 Armour
 + Level 3.6 Dodging
 - Level 15.0 Unarmed Combat


You had 12 spell levels left.
You didn't know any spells.
Your spell library contained the following spells:

 Spells                   Type           Power      Damage    Failure   Level
 Foxfire                  Conj/Fire      0%         2x1d4     50%         1
 Kiss of Death            Conj/Necr      0%         2d5       50%         1
 Necrotise                Necr           0%         1d4       50%         1
 Slow                     Hex            0%         N/A       50%         1
 Summon Small Mammal      Summ           0%         N/A       50%         1
 Sublimation of Blood     Necr           0%         N/A       65%         2
 Call Canine Familiar     Summ           0%         N/A       86%         3
 Gell's Gravitas          Tloc           0%         N/A       86%         3
 Summon Guardian Golem    Hex/Summ       0%         N/A       86%         3
 Teleport Other           Tloc           0%         N/A       86%         3
 Vampiric Draining        Necr           0%         2d6       86%         3
 Anguish                  Hex/Necr       0%         N/A       99%         4
 Petrify                  Tmut/Erth      0%         N/A       99%         4
 Summon Ice Beast         Ice/Summ       0%         N/A       99%         4
 Agony                    Necr           0%         N/A       100%        5
 Irradiate                Conj/Tmut      0%         3d11      100%        5
 Summon Mana Viper        Hex/Summ       0%         N/A       100%        5
 Dispersal                Tloc           0%         N/A       100%        6
 Starburst                Conj/Fire      0%         6d3       100%        6
 Ignition                 Fire           0%         3d3       100%        8
 Death's Door             Necr           0%         N/A       100%        9


Dungeon Overview and Level Annotations

Branches:
Dungeon (10/15)            Temple (1/1) D:5            Lair (3/5) D:10
  Snake (0/4) Lair:2        Sewer (visited)          Bailey (visited)
  Swamp: Lair:2-3    Shoals: Lair:2-3       Orc: D:9-12

Altars:
Ashenzari
Cheibriados
Dithmenos
Elyvilon
Fedhas
Gozag
Hepliaklqana
Kikubaaqudgha
Makhleb
Nemelex Xobeh
Okawaru
Qazlal
Ru
Sif Muna
Trog
Uskayaw
Vehumet
Wu Jian
Xom
Yredelemnul
Zin
The Shining One

Shops:
D:4 *   D:6 !   D:7 *   D:9 =   D:10 (

Annotations:
D:4 2 runed translucent doors, Eustachio
D:5 3 runed translucent doors, osoart's ghost, novice MfSh


Innate Abilities, Weirdness & Mutations

You are too large for most types of armour.
You have claws for hands.
Your natural rate of healing is unusually fast.
You are covered in fur. (AC +1)
You have tough skin. (AC +1)


Message History

A merfolk is wielding a +0 trident of freezing.
The merfolk shouts!
You hear a shout!
The merfolk moves out of view.
A merfolk siren comes into view. It is wielding a +2 trident of venom.
You block the merfolk's attack. The merfolk closely misses you.
The merfolk siren chants a haunting song.
You are mesmerised by the merfolk siren!
You miss the merfolk.
The merfolk hits you from afar with a +0 trident of freezing!!
The merfolk freezes you!
The merfolk siren chants its luring song.
You hear a shout!
You mangle the merfolk!!
The merfolk is heavily wounded.
The merfolk throws a boomerang.
The boomerang hits you.
You completely miss the merfolk.
The merfolk is heavily wounded.
The merfolk siren chants its luring song.
The merfolk hits you with a +0 trident!!
You barely miss the merfolk.
The merfolk is heavily wounded.
The merfolk hits you from afar with a +0 trident of freezing.
The merfolk freezes you. You block the merfolk's attack.
The merfolk siren chants its luring song.
You scratch the merfolk but do no damage.
You claw the merfolk!
The merfolk is severely wounded.
The merfolk throws a boomerang.
The boomerang hits you!
You miss the merfolk.
The merfolk is severely wounded.
The merfolk hits you with a +0 trident!!
The merfolk siren chants its luring song.
The merfolk hits you from afar with a +0 trident of freezing!
* * * LOW HITPOINT WARNING * * *
The merfolk freezes you.
* * * LOW HITPOINT WARNING * * *
As you read the scroll of teleportation, it crumbles to dust.
You feel strangely unstable.
The merfolk hits you with a +0 trident!!
You die...

#P..### #
####.P# #
#.P..##
#.....#
#....##
###.P##
#P..##
###P.##
#m.@.P#
#.~..m.##
#~~~.#...#
m~...#.###
#..# ##
### .#
####..
#.....
#.....
##.....


You could see 2 merfolk and a merfolk siren (mesmerising).

Vanquished Creatures
  Josephine (D:10)
  Erolcha (D:9)
  3 two-headed ogres (D:10)
  Nergalle (D:10)
  2 skysharks (Lair:3)
  Amaemon (D:10)
  Jeremiah (D:6)
  Pikel (D:4)
  A deep elf pyromancer (Bailey)
  An orc knight (Bailey)
  An oklob plant (Lair:2)
  9 elephants
  5 cane toads
  An orange demon (D:10)
  Maggie (D:10)
  4 rime drakes
  A kobold demonologist (D:9)
  3 komodo dragons
  Grinder (Sewer)
  A hornet (D:9)
  A troll (D:7)
  A dream sheep (Lair:2)
  11 blink frogs
  Sigmund (D:5)
  5 wraiths (D:10)
  3 wyverns
  28 yaks
  2 basilisks
  A steam dragon (D:10)
  Menkaure (D:7)
  Edmund (D:4)
  2 acid dragons
  2 nagas (Lair:2)
  7 water moccasins
  8 orc warriors
  5 ice beasts
  3 sky beasts
  3 black bears
  An ogre (D:4)
  A centaur (D:5)
  6 wolves
  3 lemures (D:4)
  A phantom (D:7)
  3 kobold brigands
  11 bullfrogs
  2 necrophages
  2 scorpions
  4 wights (D:8)
  5 killer bees
  5 howler monkeys
  A hound (D:6)
  4 jellies (Lair:2)
  A gnoll bouda (Lair:2)
  An iguana (D:5)
  3 orc priests
  9 orc wizards
  A hound skeleton (D:4)
  6 adders
  2 shadow imps (Sewer)
  2 ufetubi
  2 worms
  39 orcs
  8 ball pythons
  20 endoplasms
  2 giant cockroaches
  5 goblins
  5 hobgoblins
  27 kobolds
  3 quokkas
  5 bats
  2 frilled lizards
  2 kobold zombies (Sewer)
  4 rats
323 creatures vanquished.

Notes
Turn   | Place    | Note
-------+----------+-------------------------------------------
     0 | D:1      | experimilk the Troll Gladiator began the quest for the Orb.
     0 | D:1      | Reached XP level 1. HP: 19/19 MP: 0/0
   644 | D:2      | Reached XP level 2. HP: 27/27 MP: 1/1
   994 | D:2      | Reached skill level 4 in Unarmed Combat
  1175 | D:3      | Reached XP level 3. HP: 25/33 MP: 2/2
  1326 | D:3      | Reached skill level 5 in Unarmed Combat
  1326 | D:3      | Reached XP level 4. HP: 36/41 MP: 3/3
  1410 | D:3      | Found a glowing drain.
  1423 | Sewer    | Entered a sewer
  1640 | Sewer    | Found an ancient bone altar of Kikubaaqudgha.
  1640 | Sewer    | Noticed a kobold brigand
  1670 | Sewer    | Killed a kobold brigand
  1671 | Sewer    | Reached skill level 6 in Unarmed Combat
  1671 | Sewer    | Reached XP level 5. HP: 23/48 MP: 4/4
  1695 | Sewer    | Noticed Grinder
  1718 | Sewer    | Killed Grinder
  1719 | Sewer    | Reached skill level 7 in Unarmed Combat
  1719 | Sewer    | Reached XP level 6. HP: 49/55 MP: 5/5
  1794 | Sewer    | Reached skill level 8 in Unarmed Combat
  1794 | Sewer    | Reached XP level 7. HP: 51/62 MP: 6/6
  2323 | D:4      | Found Ymeucihi's Gadget Gallery.
  2341 | D:4      | Noticed Edmund
  2352 | D:4      | Killed Edmund
  2523 | D:4      | Found a large runed translucent door.
  2523 | D:4      | Found a large runed translucent door.
  2529 | D:4      | Reached skill level 9 in Unarmed Combat
  2589 | D:4      | Found an opulent altar of Gozag.
  2849 | D:4      | Noticed Eustachio
  2904 | D:4      | Noticed Pikel
  2927 | D:4      | Killed Pikel
  2928 | D:4      | Reached skill level 10 in Unarmed Combat
  2928 | D:4      | Reached XP level 8. HP: 47/70 MP: 7/7
  3282 | D:4      | Found a burning altar of Makhleb.
  3371 | D:4      | Found a shimmering altar of Xom.
  3593 | D:5      | Entered Level 5 of the Dungeon
  3593 | D:5      | Found a runed translucent gate.
  3593 | D:5      | Found a runed translucent gate.
  3593 | D:5      | Found a runed translucent gate.
  3634 | D:5      | Found a staircase to the Ecumenical Temple.
  3641 | D:5      | Reached skill level 5 in Throwing
  3706 | Temple   | Entered the Ecumenical Temple
  3729 | Temple   | Became a worshipper of the Wu Jian Council
  3772 | D:5      | Noticed osoart's ghost (novice MfSh)
  3960 | D:5      | Noticed Sigmund
  3968 | D:5      | Killed Sigmund
  3973 | D:5      | Reached XP level 9. HP: 26/76 MP: 8/8
  4735 | D:6      | Found Boep's Distillery.
  4823 | D:6      | Bought a potion of curing for 36 gold pieces
  4823 | D:6      | Bought a potion of haste for 120 gold pieces
  4823 | D:6      | Bought a potion of heal wounds for 60 gold pieces
  5005 | D:6      | Found a stormy altar of Qazlal.
  5058 | D:6      | Reached * piety under Wu Jian
  5713 | D:7      | Found Ipanwion's General Store.
  5722 | D:7      | Bought a scroll of identify for 22 gold pieces
  5722 | D:7      | Bought a potion of heal wounds for 55 gold pieces
  5734 | D:7      | Noticed a troll
  5749 | D:7      | Killed a troll
  5952 | D:7      | Noticed Menkaure
  5955 | D:7      | Killed Menkaure
  6625 | D:7      | Found a bloodstained altar of Trog.
  6630 | D:7      | Found a hazy altar of Hepliaklqana.
  6630 | D:7      | Found a sacrificial altar of Ru.
  6643 | D:7      | Found a hide-covered altar of Uskayaw.
  6646 | D:7      | Found a sparkling altar of Nemelex Xobeh.
  7300 | D:8      | Reached skill level 10 in Throwing
  7327 | D:8      | Reached XP level 10. HP: 88/88 MP: 9/9
  8623 | D:9      | Noticed Erolcha
  8631 | D:9      | Killed Erolcha
  8632 | D:9      | Reached skill level 5 in Fighting
  8739 | D:9      | Reached ** piety under Wu Jian
  8805 | D:9      | Noticed a rust devil
  8810 | D:9      | Noticed a rust devil
  9014 | D:9      | Found a flagged portal.
  9020 | Bailey   | Entered a bailey
  9256 | Bailey   | Found a large runed translucent door.
  9256 | Bailey   | Found a large runed translucent door.
  9257 | Bailey   | Noticed a deep elf pyromancer
  9266 | Bailey   | Noticed an orc knight
  9278 | Bailey   | Killed an orc knight
  9532 | Bailey   | Killed a deep elf pyromancer
  9545 | Bailey   | Got Goan's Secrets of the Charnel Commander
  9552 | Bailey   | Got the Omnibus of Malediction and Incineration
  9835 | D:6      | Noticed Jeremiah
  9861 | D:6      | Killed Jeremiah
  9862 | D:6      | Reached XP level 11. HP: 32/110 MP: 10/10
  9938 | D:6      | Bought a potion of ambrosia for 96 gold pieces
  9967 | D:9      | Found Majac's Jewellery Emporium.
 10757 | D:10     | Entered Level 10 of the Dungeon
 10757 | D:10     | Noticed a two-headed ogre
 10766 | D:10     | Killed a two-headed ogre
 10868 | D:10     | Noticed Maggie
 10875 | D:10     | Killed Maggie
 10898 | D:10     | Noticed Amaemon
 10911 | D:10     | Killed Amaemon
 10917 | D:10     | Reached *** piety under Wu Jian
 11009 | D:10     | Noticed Nergalle
 11016 | D:10     | Killed Nergalle
 11268 | D:10     | Found Paezout's Antique Weapon Shoppe.
 11377 | D:10     | Reached skill level 10 in Fighting
 11534 | D:10     | Found a staircase to the Lair.
 11720 | D:10     | Noticed Josephine
 11733 | D:10     | Killed Josephine
 11752 | D:10     | Reached skill level 11 in Unarmed Combat
 11935 | D:10     | Noticed a two-headed ogre
 11935 | D:10     | Noticed a two-headed ogre
 11942 | D:10     | HP: 3/117 [two-headed ogre/+0 giant club (15)]
 12090 | D:10     | Killed a two-headed ogre
 12247 | D:10     | Killed a two-headed ogre
 12271 | D:10     | Reached skill level 12 in Unarmed Combat
 12403 | Lair:1   | Entered Level 1 of the Lair of Beasts
 12419 | Lair:1   | Reached XP level 12. HP: 99/126 MP: 11/11
 12511 | Lair:1   | Found a hide-covered altar of Uskayaw.
 12519 | Lair:1   | Reached **** piety under Wu Jian
 12680 | Lair:1   | Reached skill level 13 in Unarmed Combat
 13052 | Lair:1   | Reached skill level 14 in Unarmed Combat
 13487 | Lair:2   | Reached skill level 15 in Unarmed Combat
 13561 | Lair:2   | Found a staircase to the Snake Pit.
 13647 | Lair:2   | Reached skill level 1 in Armour
 13654 | Lair:2   | Reached ***** piety under Wu Jian
 13968 | Lair:2   | Reached XP level 13. HP: 113/133 MP: 12/12
 14007 | Lair:2   | Identified the +6 hand axe of Witible {venom, rElec rCorr
                  | Dex+2}
 14817 | Lair:3   | Slain by a merfolk

Illustrated notes

Levels and vault maps discovered:
D:1:      minmay_arrival_shattered_statue, layout_basic
D:2:      minmay_wonky_spiral, layout_basic
D:3:      layout_loops_ring, cheibrodos_sewer_entry_drain
D:4:      due_chaos_kobolds, layout_loops_ring, makhleb_blood_cavern_becter,
          mainiacjoe_overflow_surrounded_room, nicolae_shop_gadgets,
          uniq_edmund, uniq_pikel, uniq_eustachio
D:5:      layout_gridville, minmay_temple_entry_glass, gammafunk_ghost_icy,
          uniq_sigmund
D:6:      layout_layer_cave, grunt_qazlal_clouds, serial_shops,
          nicolae_diamond_shop, nicolae_titane, uniq_jeremiah
D:7:      layout_basic, minmay_overflow_temple_star_hex, serial_shops,
          nicolae_stop_n_shop_1, uniq_menkaure
D:8:      layout_layer_cave, nrook_campfire
D:9:      layout_layer_cave, serial_shops, nicolae_shop_hallway_stairs,
          enter_bailey_2, uniq_erolcha
D:10:     layout_gridville, hellmonk_lair_entry_icy, serial_shops,
          nicolae_stop_n_shop_2, uniq_amaemon, uniq_maggie, uniq_nergalle,
          uniq_josephine
Temple:   nicolae_temple_bog_church
Lair:1:   layout_misc_corridors, basic_altar
Lair:2:   lemuel_slime, layout_small_grid, guppyfry_snake_entry_garden,
          dreamdust_gnoll_shepherd
Lair:3:   layout_cave_pods, elwin_shoals_entry_stream

Skill      XL: |  1  2  3  4  5  6  7  8  9 10 11 12 13 |
---------------+----------------------------------------+-----
Unarmed Combat | 4 5 6 7 8 10 12 15 | 15.0
Throwing       | 3 6 10 11 | 11.1
Fighting       | 2 8 10 | 10.0
Armour         | 1 2 |  2.4
Dodging        | 3 |  3.6

Action                     |  1- 3 |  4- 6 |  7- 9 | 10-12 | 13-15 || total
---------------------------+-------+-------+-------+-------+-------++-------
  Melee: Unarmed           |    67 |    85 |   227 |   447 |    65 ||   891
         Punch             |       |     4 |     7 |    26 |     2 ||    39
  Throw: Large rock        |     4 |       |     3 |    28 |       ||    35
         Throwing net      |       |     3 |     3 |       |       ||     6
         Dart              |       |       |    50 |    47 |     8 ||   105
         Boomerang         |       |       |       |    38 |    19 ||    57
 Invoke: Serpent's Lash    |       |       |       |     1 |       ||     1
Ability: Lunge             |       |       |    14 |    38 |    14 ||    66
         Whirlwind         |       |       |       |    42 |     8 ||    50
         Wall Jump         |       |       |       |    10 |       ||    10
  Evoke: Wand              |       |       |       |     3 |       ||     3
    Use: Potion            |       |     3 |     6 |     4 |       ||    13
         Scroll            |       |       |     6 |     3 |     1 ||    10
   Stab: Sleeping          |     1 |       |     2 |       |       ||     3
         Held in net/web   |       |       |     1 |       |       ||     1
 Armour: Robe              |    27 |    23 |    56 |    41 |     4 ||   151
  Dodge: Dodged            |    41 |    41 |   107 |   118 |    21 ||   328
  Block: Other             |       |       |    27 |    52 |     7 ||    86

Table legend: (Time is in decaauts)
 A = Elapsed time spent in this place.
 B = Non-inter-level travel time spent in this place.
 C = Inter-level travel time spent in this place.
 D = Time resting spent in this place.
 E = Time spent auto-exploring this place.
 F = Levels seen in this place.
 G = Mean time per level.
                   A        B        C        D        E       F      G
               +--------+--------+--------+--------+--------+-----+--------+
         Total |  14691 |  14284 |    407 |   3205 |   8641 |  16 |  918.2 |
       Dungeon |  11183 |  10829 |    354 |   2278 |   7135 |  10 | 1118.3 |
        Temple |     34 |     24 |     10 |      0 |      0 |   1 |   34.0 |
          Lair |   2386 |   2343 |     43 |    439 |   1297 |   3 |  795.3 |
         Sewer |    494 |    494 |      0 |    132 |    152 |   1 |  494.0 |
        Bailey |    592 |    592 |      0 |    355 |     57 |   1 |  592.0 |
               +--------+--------+--------+--------+--------+-----+--------+

Top non-repeatable levels by time:
    D:10: 1550 daAuts
     D:7: 1550 daAuts
     D:9: 1450 daAuts
     D:8: 1378 daAuts
     D:6: 1271 daAuts
     D:4: 1256 daAuts
  Lair:2: 1099 daAuts
  Lair:1: 921 daAuts
     D:5: 908 daAuts
     D:3: 648 daAuts
     D:1: 641 daAuts
  Bailey: 592 daAuts
     D:2: 528 daAuts
   Sewer: 494 daAuts
  Lair:3: 365 daAuts
